 Dungeon Crawl Stone Soup version 0.18-a0-1323-g706dcef (webtiles) character file.

7 ololoev the Firebug (level 1, 0/10 HPs)
             Began as a Deep Elf Fire Elementalist on Feb 15, 2016.
             Slain by Ijyb
             ... wielding a +0 dagger
              (5 damage)
             ... on level 2 of the Dungeon.
             The game lasted 00:01:10 (88 turns).

ololoev the Firebug (Deep Elf Fire Elementalist)      Turns: 88, Time: 00:01:10

Health: 0/10       AC:  3    Str:  5    XL:     1   Next: 91%
Magic:  1/6        EV: 13    Int: 19    God:
Gold:   9          SH:  0    Dex: 15    Spells: 1 memorised, 5 levels left

rFire  . . .     SeeInvis .     (no weapon)
rCold  . . .     Gourm    .     a - +0 robe
rNeg   . . .     Faith    .     (no shield)
rPois  .         Spirit   .     (no helmet)
rElec  .         Dismiss  .     (no cloak)
rCorr  .         Reflect  .     d - +0 pair of gloves
SustAt .         Harm     .     (no boots)
MR     .....                    (no amulet)
Stlth  ++........               (no ring)
                                (no ring)

@: very slightly contaminated, not resistant to hostile enchantments, unstealthy
A: no striking features
a: no special abilities

Inventory:

Armour
 a - a +0 robe (worn)
 d - a +0 pair of gloves (worn)
Books
 b - a book of Flames

   Spells                             Type                      Level
   a - Flame Tongue                   Conjuration/Fire             1
   b - Throw Flame                    Conjuration/Fire             2
   c - Conjure Flame                  Conjuration/Fire             3
   d - Inner Flame                    Hexes/Fire                   3
   e - Sticky Flame                   Conjuration/Fire             4
   f - Fireball                       Conjuration/Fire             5
Comestibles
 c - a bread ration


   Skills:
 - Level 2.4 Dodging
 - Level 2.4 Stealth
 + Level 3.0 Spellcasting
 * Level 2.0 Conjurations
 + Level 3.4 Fire Magic


You had 5 spell levels left.
You knew the following spells:

 Your Spells              Type           Power        Failure   Level  Hunger
a - Flame Tongue          Conj/Fire      ##...        8%          1    None


You were on level 2 of the Dungeon.
You were not hungry.

You visited 1 branch of the dungeon, and saw 2 of its levels.

You collected 9 gold pieces.

#.....##.#
#.....##.####
.##...........#
.........#.##.#
###......#.##.##
###.##.#..<..#
###.##†####..# #
#......####..# ..
#.#.##..g@...#
...##.#.##.#####.#
........##.# #.#
##.##...##.#####.#
#............#
#......#######
###.#### #...
#...#

Notes
Turn   | Place    | Note
--------------------------------------------------------------
     0 | D:1      | ololoev the Deep Elf Fire Elementalist began the quest for the Orb.
     0 | D:1      | Reached XP level 1. HP: 10/10 MP: 6/6
    49 | D:2      | Noticed Ijyb
    88 | D:2      | Slain by Ijyb

Dungeon Overview and Level Annotations

Branches:
Dungeon (2/15)

Altars:

Annotations:
D:2 Ijyb


Message History

Aim: Ijyb, wielding a dagger The flame tongue hits Ijyb.
Ijyb is heavily wounded.
Casting: Flame Tongue
Confirm with . or Enter, or press ? or * to list all spells.
Aiming: Flame Tongue
Press: ? - help, Shift-Dir - straight line, f/p - Ijyb
Aim: Ijyb, wielding a dagger (heavily wounded)
You miscast Flame Tongue.
You are very lightly contaminated with residual magic.
Nothing appears to happen.
Casting: Flame Tongue
Confirm with . or Enter, or press ? or * to list all spells.
Aiming: Flame Tongue
Press: ? - help, Shift-Dir - straight line, f/p - Ijyb
Aim: Ijyb, wielding a dagger (moderately wounded)
The flame tongue hits Ijyb.
Ijyb is heavily wounded.
Ijyb screams, "Me very upset!"
Ijyb hits you but does no damage.
Casting: Flame Tongue
Confirm with . or Enter, or press ? or * to list all spells.
Aiming: Flame Tongue
Press: ? - help, Shift-Dir - straight line, f/p - Ijyb
Aim: Ijyb, wielding a dagger (heavily wounded)
The flame tongue hits Ijyb.
Ijyb is severely wounded.
Ijyb misses you.
Ijyb screams, "No!
No, no, no, no!"
Casting: Flame Tongue
Confirm with . or Enter, or press ? or * to list all spells.
Aiming: Flame Tongue
Press: ? - help, Shift-Dir - straight line, f/p - Ijyb
Aim: Ijyb, wielding a dagger (severely wounded)
The flame tongue hits Ijyb.
Ijyb is almost dead.
Ijyb hits you with a dagger. Ijyb hits you with a dagger.
Ouch! That really hurt!
You die...

You could see Ijyb.

Vanquished Creatures
  An ooze (D:1)
  A hobgoblin (D:1)
  A bat (D:2)
  A rat (D:2)
4 creatures vanquished.

Action                   || total
-------------------------++-------
 Cast: Flame Tongue      ||    12

Vault maps used:
D:1:      minmay_arrival_solitary_statue, hex_tiny, minivault_27, hex_medium
D:2:      evilmike_ruin_ashenzari, ecumenical_altar_2, first_bread,
          minmay_cupped, uniq_natasha, uniq_iyjb
